| TOP OF THE 1ST |
|
Scranton WB RailRiders batting - Pitching for Salt Lake Bees : RHP Harambe Vick
|
|
Pitching: RHP Harambe Vick
|
|
|
Batting: RHB Devon Utley
|
0-0: Hit by Pitch
|
|
Batting: SHB Victor Ruiz
|
0-0: Foul Ball, location: 2F 0-1: Ball 1-1: Ball 2-1: Ball 3-1: Called Strike 3-2: Ground out U3 (Groundball, 3, EV 84.4 MPH) Devon Utley to second
|
|
Batting: SHB Mukhtar Wa'il
|
0-0: Ball Devon Utley is caught stealing 3rd base 2-5 1-0: Foul Ball, location: 2F 1-1: Fly out, F8 (Line Drive, 8RM, EV 91.9 MPH)
|
| Top of the 1st over - 0 runs, 0 hits, 0 errors, 0 left on base; Scranton WB 0 - Salt Lake 0 |
| BOTTOM OF THE 1ST |
|
Salt Lake Bees batting - Pitching for Scranton WB RailRiders : RHP Eric Aguilar
|
|
Pitching: RHP Eric Aguilar
|
|
|
Batting: SHB Butch Brown
|
0-0: Ball 1-0: Called Strike 1-1: Called Strike 1-2: Ball 2-2: Strikes out swinging
|
|
Batting: RHB Melvin Gomez
|
0-0: Ball 1-0: Foul Ball, location: 2F 1-1: Ball 2-1: Fly out, F7 (Flyball, 7LS, EV 78.8 MPH)
|
|
Batting: LHB Micah Miller
|
0-0: Ball 1-0: DOUBLE (Line Drive, 89D, EV 109.4 MPH)
|
|
Batting: SHB Mario Padron
|
0-0: Ball 1-0: Fly out, F8 (Line Drive, 8LD, EV 105.6 MPH)
|
| Bottom of the 1st over - 0 runs, 1 hit, 0 errors, 1 left on base; Scranton WB 0 - Salt Lake 0 |
| TOP OF THE 2ND |
|
Scranton WB RailRiders batting - Pitching for Salt Lake Bees : RHP Harambe Vick
|
|
Batting: RHB Scott King
|
0-0: Ball 1-0: Ball 2-0: Ball 3-0: Fly out, F7 (Flyball, 7, EV 71.9 MPH)
|
|
Batting: LHB Jose Lebron
|
0-0: Ball 1-0: Foul Ball, location: 2F 1-1: Ball 2-1: Fly out, F7 (Flyball, 7LM, EV 97.5 MPH)
|
|
Batting: RHB Bobby Melillo
|
0-0: Called Strike 0-1: Swinging Strike 0-2: Ball 1-2: Strikes out swinging
|
| Top of the 2nd over - 0 runs, 0 hits, 0 errors, 0 left on base; Scranton WB 0 - Salt Lake 0 |
| BOTTOM OF THE 2ND |
|
Salt Lake Bees batting - Pitching for Scranton WB RailRiders : RHP Eric Aguilar
|
|
Batting: RHB Jonathan Ellis
|
0-0: Called Strike 0-1: Fly out, F4 (Popup, 34S, EV 71.9 MPH)
|
|
Batting: RHB Justin Lauderdale
|
0-0: Called Strike 0-1: Swinging Strike 0-2: Strikes out looking
|
|
Batting: RHB Juan Rosa
|
0-0: Fly out, F9 (Flyball, 9, EV 86.2 MPH)
|
| Bottom of the 2nd over - 0 runs, 0 hits, 0 errors, 0 left on base; Scranton WB 0 - Salt Lake 0 |
| TOP OF THE 3RD |
|
Scranton WB RailRiders batting - Pitching for Salt Lake Bees : RHP Harambe Vick
|
|
Batting: RHB Mike Gifford
|
0-0: Ball 1-0: Foul Ball, location: 2F 1-1: SINGLE (Line Drive, 8LS, EV 98.8 MPH)
|
|
Batting: LHB Aaron Joyner
|
0-0: Ball Mike Gifford steals 2nd base 1-0: Ball 2-0: Ball 3-0: Called Strike 3-1: SINGLE (Groundball, 4S, EV 74.4 MPH) (infield hit) Mike Gifford to third
|
|
Batting: SHB Edwin Dominguez
|
0-0: Called Strike 0-1: Ground out 4-3 (Groundball, 4S, EV 65.0 MPH) Mike Gifford scores Aaron Joyner to second
|
|
Batting: RHB Devon Utley
|
0-0: Ball 1-0: Swinging Strike 1-1: Ground out 3-1 (Groundball, 34S, EV 78.8 MPH) Aaron Joyner to third
|
|
Batting: SHB Victor Ruiz
|
0-0: Ball 1-0: Ball 2-0: Ball 3-0: Called Strike 3-1: Foul Ball, location: 2F 3-2: Foul Ball, location: 2F 3-2: Foul Ball, location: 2F 3-2: Base on Balls
|
|
Batting: SHB Mukhtar Wa'il
|
0-0: Ball 1-0: Swinging Strike 1-1: Foul Ball, location: 2F 1-2: Ball 2-2: Strikes out swinging
|
| Top of the 3rd over - 1 run, 2 hits, 0 errors, 2 left on base; Scranton WB 1 - Salt Lake 0 |
| BOTTOM OF THE 3RD |
|
Salt Lake Bees batting - Pitching for Scranton WB RailRiders : RHP Eric Aguilar
|
|
Batting: RHB Jose Pineda
|
0-0: Ball 1-0: Called Strike 1-1: Foul Ball, location: 2F 1-2: Strikes out swinging
|
|
Batting: RHB Oren Jones
|
0-0: Swinging Strike 0-1: Foul Ball, location: 2F 0-2: Ball 1-2: Strikes out swinging
|
|
Batting: SHB Butch Brown
|
0-0: Called Strike 0-1: Called Strike 0-2: Strikes out swinging, 2-3 out at first.
|
| Bottom of the 3rd over - 0 runs, 0 hits, 0 errors, 0 left on base; Scranton WB 1 - Salt Lake 0 |
| TOP OF THE 4TH |
|
Scranton WB RailRiders batting - Pitching for Salt Lake Bees : RHP Harambe Vick
|
|
Batting: RHB Scott King
|
0-0: Called Strike 0-1: Fly out, F8 (Flyball, 8LM, EV 78.8 MPH)
|
|
Batting: LHB Jose Lebron
|
0-0: Called Strike 0-1: Ball 1-1: Foul Ball, location: 2F 1-2: Strikes out swinging
|
|
Batting: RHB Bobby Melillo
|
0-0: Called Strike 0-1: Called Strike 0-2: Ball 1-2: Strikes out looking
|
| Top of the 4th over - 0 runs, 0 hits, 0 errors, 0 left on base; Scranton WB 1 - Salt Lake 0 |
| BOTTOM OF THE 4TH |
|
Salt Lake Bees batting - Pitching for Scranton WB RailRiders : RHP Eric Aguilar
|
|
Batting: RHB Melvin Gomez
|
0-0: Fly out, F2 (Popup, 23F, EV 81.2 MPH)
|
|
Batting: LHB Micah Miller
|
0-0: Ball 1-0: Called Strike 1-1: Foul Ball, location: 2F 1-2: Ball 2-2: Strikes out swinging
|
|
Batting: SHB Mario Padron
|
0-0: Foul Ball, location: 2F 0-1: Ball 1-1: Called Strike 1-2: Strikes out looking
|
| Bottom of the 4th over - 0 runs, 0 hits, 0 errors, 0 left on base; Scranton WB 1 - Salt Lake 0 |
| TOP OF THE 5TH |
|
Scranton WB RailRiders batting - Pitching for Salt Lake Bees : RHP Harambe Vick
|
|
Batting: RHB Mike Gifford
|
0-0: Swinging Strike 0-1: Foul Ball, location: 2F 0-2: Ball 1-2: Strikes out swinging
|
|
Batting: LHB Aaron Joyner
|
0-0: Ball 1-0: Foul Ball, location: 2F 1-1: Foul Ball, location: 2F 1-2: Foul Ball, location: 2F 1-2: Foul Ball, location: 2F 1-2: Ground out 5-3 (Groundball, 56S, EV 90.6 MPH)
|
|
Batting: SHB Edwin Dominguez
|
0-0: Ball 1-0: Foul Ball, location: 2F 1-1: Hit by Pitch
|
|
Batting: RHB Devon Utley
|
0-0: Ball Edwin Dominguez steals 2nd base 1-0: Ball 2-0: Called Strike 2-1: Ball 3-1: Called Strike 3-2: Ground out 5-3 (Groundball, 56, EV 103.1 MPH)
|
| Top of the 5th over - 0 runs, 0 hits, 0 errors, 1 left on base; Scranton WB 1 - Salt Lake 0 |
| BOTTOM OF THE 5TH |
|
Salt Lake Bees batting - Pitching for Scranton WB RailRiders : RHP Eric Aguilar
|
|
Batting: RHB Jonathan Ellis
|
0-0: Ball 1-0: SINGLE (Groundball, 6MD, EV 111.2 MPH)
|
|
Batting: RHB Justin Lauderdale
|
0-0: Ball Jonathan Ellis steals 2nd base 1-0: Ball 2-0: Foul Ball, location: 2F 2-1: Foul Ball, location: 2F 2-2: Foul Ball, location: 2F 2-2: Foul Ball, location: 2F 2-2: Foul Ball, location: 2F 2-2: Foul Ball, location: 2F 2-2: Foul Ball, location: 2F 2-2: Strikes out swinging
|
|
Batting: RHB Juan Rosa
|
0-0: Ball 1-0: Ball 2-0: Ball 3-0: Base on Balls
|
|
Batting: RHB Jose Pineda
|
0-0: Ball 1-0: Called Strike Jonathan Ellis steals 3rd base 1-1: Ball 2-1: Fly out, F9 (Flyball, 9, EV 93.1 MPH) Runner from 3rd tags up, SCORES, throw by RF
|
|
Batting: RHB Oren Jones
|
0-0: Foul Ball, location: 2F 0-1: Foul Ball, location: 2F 0-2: Ball 1-2: Ball 2-2: Strikes out swinging
|
| Bottom of the 5th over - 1 run, 1 hit, 0 errors, 1 left on base; Scranton WB 1 - Salt Lake 1 |
| TOP OF THE 6TH |
|
Scranton WB RailRiders batting - Pitching for Salt Lake Bees : RHP Harambe Vick
|
|
Batting: SHB Victor Ruiz
|
0-0: Ball 1-0: Called Strike 1-1: Foul Ball, location: 2F 1-2: Ball 2-2: Strikes out swinging
|
|
Batting: SHB Mukhtar Wa'il
|
0-0: Ball 1-0: SINGLE (Groundball, 4D, EV 95.0 MPH)
|
|
Batting: RHB Scott King
|
0-0: Ball 1-0: Ball 2-0: Called Strike 2-1: Ball 3-1: Base on Balls Mukhtar Wa'il to second
|
|
Batting: LHB Jose Lebron
|
0-0: Called Strike 0-1: Ball 1-1: Ball 2-1: Fly out, F7 (Flyball, 7LDF, EV 97.5 MPH)
|
|
Pitching: RHP Bartholomeu Voivodic
|
|
|
Batting: RHB Bobby Melillo
|
0-0: Ball 1-0: Ball 2-0: Called Strike 2-1: Foul Ball, location: 2F 2-2: TRIPLE (Flyball, 78XD, EV 106.2 MPH) Mukhtar Wa'il scores Scott King scores
|
|
Batting: RHB Mike Gifford
|
0-0: Fly out, F3 (Line Drive, 3, EV 67.5 MPH)
|
| Top of the 6th over - 2 runs, 2 hits, 0 errors, 1 left on base; Scranton WB 3 - Salt Lake 1 |
| BOTTOM OF THE 6TH |
|
Salt Lake Bees batting - Pitching for Scranton WB RailRiders : RHP Eric Aguilar
|
|
Batting: SHB Butch Brown
|
0-0: Called Strike 0-1: Swinging Strike 0-2: Ball 1-2: Strikes out swinging
|
|
Batting: RHB Melvin Gomez
|
0-0: Ball 1-0: Ball 2-0: Ball 3-0: Called Strike 3-1: Called Strike 3-2: Foul Ball, location: 2F 3-2: Fly out, F8 (Flyball, 8LD, EV 96.9 MPH)
|
|
Batting: LHB Micah Miller
|
0-0: Ball 1-0: Foul Ball, location: 2F 1-1: Ball 2-1: Ball 3-1: Swinging Strike 3-2: Strikes out looking
|
| Bottom of the 6th over - 0 runs, 0 hits, 0 errors, 0 left on base; Scranton WB 3 - Salt Lake 1 |
| TOP OF THE 7TH |
|
Scranton WB RailRiders batting - Pitching for Salt Lake Bees : RHP Bartholomeu Voivodic
|
|
Pitching: RHP Joe Butler
|
|
|
Batting: LHB Aaron Joyner
|
0-0: Foul Ball, location: 2F 0-1: Foul Ball, location: 2F 0-2: Strikes out swinging
|
|
Batting: SHB Edwin Dominguez
|
0-0: Fly out, F6 (Popup, 6M, EV 70.0 MPH)
|
|
Batting: RHB Devon Utley
|
0-0: Called Strike 0-1: Swinging Strike 0-2: Foul Ball, location: 2F 0-2: Foul Ball, location: 2F 0-2: Foul Ball, location: 2F 0-2: Foul Ball, location: 2F 0-2: Ball 1-2: Fly out, F7 (Line Drive, 78M, EV 92.5 MPH)
|
| Top of the 7th over - 0 runs, 0 hits, 0 errors, 0 left on base; Scranton WB 3 - Salt Lake 1 |
| BOTTOM OF THE 7TH |
|
Salt Lake Bees batting - Pitching for Scranton WB RailRiders : RHP Eric Aguilar
|
|
Batting: SHB Mario Padron
|
0-0: Called Strike 0-1: Foul Ball, location: 2F 0-2: Fly out, F7 (Flyball, 78M, EV 95.6 MPH)
|
|
Batting: RHB Jonathan Ellis
|
0-0: Ball 1-0: Called Strike 1-1: Ball 2-1: Swinging Strike 2-2: Strikes out swinging
|
|
Batting: RHB Justin Lauderdale
|
0-0: Ball 1-0: Foul Ball, location: 2F 1-1: SINGLE (Groundball, 56D, EV 101.2 MPH)
|
|
Batting: RHB Juan Rosa
|
0-0: Ball Justin Lauderdale steals 2nd base 1-0: Ball 2-0: Foul Ball, location: 2F 2-1: Ground out 4-3 (Groundball, 4, EV 104.4 MPH)
|
| Bottom of the 7th over - 0 runs, 1 hit, 0 errors, 1 left on base; Scranton WB 3 - Salt Lake 1 |
| TOP OF THE 8TH |
|
Scranton WB RailRiders batting - Pitching for Salt Lake Bees : RHP Joe Butler
|
|
Batting: SHB Victor Ruiz
|
0-0: Ball 1-0: SOLO HOME RUN (Flyball, 9LD, EV 93.1 MPH), Distance : 335 ft
|
|
Batting: SHB Mukhtar Wa'il
|
0-0: Foul Ball, location: 2F 0-1: Called Strike 0-2: Fly out, F7 (Flyball, 7, EV 89.4 MPH)
|
|
Batting: RHB Scott King
|
0-0: Ball 1-0: Fly out, F5 (Popup, 5SF, EV 81.2 MPH)
|
|
Batting: LHB Jose Lebron
|
0-0: Called Strike 0-1: Foul Ball, location: 2F 0-2: Ground out 6-3 (Groundball, 6, EV 88.1 MPH)
|
| Top of the 8th over - 1 run, 1 hit, 0 errors, 0 left on base; Scranton WB 4 - Salt Lake 1 |
| BOTTOM OF THE 8TH |
|
Salt Lake Bees batting - Pitching for Scranton WB RailRiders : RHP Eric Aguilar
|
|
Batting: RHB Jose Pineda
|
0-0: Ground out 6-3 (Groundball, 6, EV 90.6 MPH)
|
|
Batting: RHB Oren Jones
|
0-0: Ball 1-0: Called Strike 1-1: Ball 2-1: Ball 3-1: Called Strike 3-2: Strikes out looking
|
|
Pitching: LHP Jose Carmona
|
|
|
Batting: SHB Butch Brown
|
0-0: Swinging Strike 0-1: Ground out 5-3 (Groundball, 56S, EV 85.6 MPH)
|
| Bottom of the 8th over - 0 runs, 0 hits, 0 errors, 0 left on base; Scranton WB 4 - Salt Lake 1 |
| TOP OF THE 9TH |
|
Scranton WB RailRiders batting - Pitching for Salt Lake Bees : RHP Joe Butler
|
|
Batting: RHB Bobby Melillo
|
0-0: Foul Ball, location: 2F 0-1: Swinging Strike 0-2: Strikes out swinging
|
|
Batting: RHB Mike Gifford
|
0-0: Ball 1-0: SINGLE (Groundball, 56, EV 80.6 MPH) (infield hit)
|
|
Batting: LHB Aaron Joyner
|
0-0: Called Strike 0-1: Foul Ball, location: 2F 0-2: SINGLE (Groundball, 4S, EV 66.9 MPH) (infield hit) Mike Gifford to second
|
|
Batting: SHB Edwin Dominguez
|
0-0: Called Strike 0-1: SINGLE (Groundball, 4MS, EV 72.5 MPH) (infield hit) Mike Gifford to third Aaron Joyner to second
|
|
Batting: RHB Devon Utley
|
0-0: Ball 1-0: DOUBLE (Line Drive, 78D, EV 102.5 MPH) Mike Gifford scores Aaron Joyner scores Edwin Dominguez to third Runner from 3rd tries for Home, SAFE, throw by CF to home
|
|
Pitching: RHP Dave Thomas
|
|
|
Batting: SHB Victor Ruiz
|
0-0: Fly out, F7 (Flyball, 78M, EV 88.1 MPH)
|
|
Batting: SHB Mukhtar Wa'il
|
0-0: Ball 1-0: Fly out, F7 (Line Drive, 7D, EV 96.2 MPH)
|
| Top of the 9th over - 3 runs, 4 hits, 0 errors, 1 left on base; Scranton WB 7 - Salt Lake 1 |
| BOTTOM OF THE 9TH |
|
Salt Lake Bees batting - Pitching for Scranton WB RailRiders : LHP Jose Carmona
|
|
Batting: RHB Melvin Gomez
|
0-0: Ball 1-0: Foul Ball, location: 2F 1-1: Ball 2-1: Foul Ball, location: 2F 2-2: Fly out, F7 (Line Drive, 7S, EV 97.5 MPH)
|
|
Batting: LHB Micah Miller
|
0-0: Ball 1-0: Called Strike 1-1: Called Strike 1-2: Strikes out swinging
|
|
Batting: SHB Mario Padron
|
0-0: Ball 1-0: Called Strike 1-1: Swinging Strike 1-2: Foul Ball, location: 2F 1-2: Strikes out swinging
|
| Bottom of the 9th over - 0 runs, 0 hits, 0 errors, 0 left on base; Scranton WB 7 - Salt Lake 1 |
|